Map: Rupi ghiacciate

Players

grOOve

  • Race: Terran Terran

groovina

  • Race: Zerg Zerg

NexusVI

  • Race: Terran Terran

Mørtebianca - Winner!

  • Race: Zerg Zerg
  • League: Diamond

Space - Winner!

  • Race: Terran Terran
  • League: Diamond

Jhyrachy - Winner!

  • Race: Zerg Zerg
  • League: Silver

VOD

Have the link to the VOD?

Description

Time

  • Played on: Dec. 9, 2015, 3:17 p.m.
  • Length: 10:13
Show
View Real Time Build Order
Export as new Build Order

grOOve Terran 

Build Orders: MMM Bio 

Get SALT Encoding   

  12  0:01  SCV  
  13  0:13  SCV  
  14  0:18  Supply Depot  
  14  0:25  SCV  
  15  0:40  SCV  
  16  0:52  SCV, Barracks  
  16  0:56  Refinery  
  17  1:04  SCV  
  18  1:16  SCV  
  19  1:28  SCV  
  20  1:35  Refinery  
  20  1:40  SCV  
  20  1:45  Supply Depot  
  21  1:51  Barracks Tech Lab  
  21  1:52  Orbital Command, Barracks  
  20  2:23  Marine  
  20  2:24  Stimpack  
  20  2:28  SCV  
  22  2:36  Factory  
  22  2:39  Marine  
  22  2:40  SCV  
  22  2:41  Marine  
  24  2:57  Marine  
  24  2:58  SCV  
  26  2:59  Marine  
  27  3:15  Marine  
  27  3:17  Marine  
  29  3:21  Supply Depot  
  29  3:27  Barracks  
  29  3:31  Command Center  
  29  3:32  Marine  
  30  3:34  Marine  
  31  3:42  Bunker  
  31  3:50  Marine, SCV  
  31  3:52  Widow Mine  
  35  4:02  SCV  
  36  4:19  Supply Depot  
  36  4:22  Hellion  
  38  4:24  Marine  
  39  4:40  Marine x2  
  39  4:42  Marine  
  39  4:44  Orbital Command  
  42  4:48  Starport  
  42  4:49  Factory Reactor  
  42  4:51  Combat Shields  
  42  4:58  Marine x2  
  42  4:59  Marine  
  45  5:11  Supply Depot  
  45  5:16  Marine x2  
  47  5:23  Orbital Command  
  47  5:35  Factory Tech Lab  
  46  5:59  Engineering Bay  
  46  6:01  Engineering Bay  
  46  6:04  Marine  
  46  6:05  Marine x2  
  49  6:15  Supply Depot  
  49  6:17  Armory  
  49  6:22  Marine x2  
  48  6:31  SCV x2  
  50  6:37  Medivac x2  
  54  6:43  SCV x2  
  54  6:45  Engineering Bay  
  56  6:55  Terran Infantry Armor Level 1, SCV x2  
  58  7:07  SCV x2, Medivac  
  62  7:13  Refinery  
  62  7:18  Terran Infantry Weapons Level 1  
  62  7:19  SCV x2  
  64  7:31  SCV x2  
  66  7:43  SCV x2  
  67  7:55  SCV x2  
  49  8:10  Marine x3  
  51  8:25  Medivac x2  
  55  8:27  Marine, SCV  
  55  8:28  Marine x2, SCV  
  60  8:40  SCV  
  59  8:45  Marine  
  59  8:46  Marine x2  
  62  8:53  Refinery  
  63  8:55  SCV x2  
  63  8:57  Barracks x2  
  63  8:58  Barracks  
  64  9:03  Marine  
  64  9:07  SCV  
  64  9:08  SCV  
  67  9:20  SCV  
  63  9:24  Barracks  
  63  9:25  Starport Reactor, Barracks  
  63  9:26  Barracks  
  50  9:47  Marine x3  
  50  9:48  Marine  
Show
View Real Time Build Order
Export as new Build Order

groovina Zerg 

Build Orders: Pool First 

Get SALT Encoding   

  12  0:06  Drone  
  13  0:10  Drone  
  14  0:22  Overlord  
  14  0:45  Drone x3  
  17  0:52  Spawning Pool  
  16  0:58  Drone  
  17  1:11  Extractor  
  17  1:12  Drone  
  17  1:23  Hatchery  
  16  1:29  Drone x2  
  18  1:39  Queen  
  20  1:41  Drone  
  21  1:51  Overlord  
  21  2:01  Extractor  
  20  2:07  Drone  
  21  2:13  Drone  
  22  2:25  Drone  
  23  2:34  Queen  
  25  2:38  Drone x2  
  27  2:51  Roach Warren  
  26  2:54  Drone x5  
  31  3:07  Baneling Nest  
  31  3:08  Zergling x6  
  33  3:17  Spine Crawler  
  33  3:18  Zergling x4  
  34  3:25  Spine Crawler  
  33  3:30  Metabolic Boost  
  33  3:37  Zergling x6  
  36  3:53  Spine Crawler  
  36  3:54  Baneling x6  
  35  3:57  Drone  
  35  3:58  Overlord  
  35  4:02  Overlord  
  36  4:11  Evolution Chamber  
  36  4:14  Drone  
  38  4:45  Roach  
  38  4:46  Roach x3  
  40  5:03  Roach x2  
  40  5:04  Overlord  
  40  5:07  Overlord  
  43  5:26  Zergling x2, Roach x3  
  43  5:27  Roach x4  
  56  5:45  Spore Crawler  
  55  5:53  Roach  
  55  5:54  Roach  
  54  6:23  Drone x5  
  59  6:26  Overlord x3  
  59  6:34  Extractor  
  54  6:50  Drone  
  54  6:51  Drone x3  
  58  6:54  Extractor  
  58  6:57  Lair  
  49  7:18  Roach  
  49  7:19  Roach x5  
  49  7:20  Roach  
  59  7:38  Roach  
  59  7:39  Roach x2  
  65  7:44  Lair  
  65  7:46  Drone x2  
  67  7:59  Zerg Ground Armor Level 1  
  51  8:44  Roach x2  
  51  8:45  Roach x6  
  51  8:46  Drone, Roach x2  
  70  8:58  Drone x2  
  73  9:02  Zergling x2  
Show
View Real Time Build Order
Export as new Build Order

NexusVI Terran 

Build Orders: MMM Bio 

Get SALT Encoding   

  12  0:14  Supply Depot  
  12  0:17  SCV  
  13  0:28  Refinery  
  13  0:29  SCV  
  14  0:42  SCV  
  15  0:52  Barracks  
  15  1:01  SCV  
  16  1:11  Barracks  
  16  1:13  SCV  
  17  1:25  Supply Depot, SCV  
  18  1:38  SCV  
  19  1:42  Marine  
  20  1:52  Orbital Command  
  20  1:59  Reaper  
  20  2:00  Reaper  
  22  2:08  Refinery  
  22  2:19  Supply Depot  
  22  2:26  Supply Depot  
  22  2:27  SCV  
  23  2:49  Marine x2  
  25  3:07  Marine x2  
  27  3:34  Marine x2  
  27  3:49  Barracks  
  27  3:52  Barracks  
  27  3:55  Barracks  
  27  3:56  Factory  
  27  4:13  Marine x2  
  29  4:20  Command Center  
  29  4:31  Marine x2  
  28  4:34  Bunker  
  30  4:45  Barracks Tech Lab  
  30  4:46  Barracks Tech Lab  
  30  4:47  Barracks Reactor  
  30  4:50  Barracks Reactor  
  30  4:52  Barracks Reactor  
  30  5:03  Command Center  
  30  5:08  SCV  
  31  5:23  Starport  
  31  5:34  Marauder  
  31  5:35  Marauder, Marine  
  35  5:37  Marine  
  37  5:44  Stimpack  
  37  6:20  Marine x2  
  37  6:21  Marauder x2, Marine  
  37  6:22  Marine x3  
  47  6:38  Marine  
  48  6:57  Factory Tech Lab  
  48  7:00  Starport Reactor  
  48  7:06  Combat Shields  
  48  7:10  Marine x4  
  48  7:11  Marine x2  
  48  7:12  Marauder  
  48  7:13  Marine  
  57  7:36  Medivac  
  59  7:37  Medivac  
  61  7:45  Concussive Shells  
  61  7:47  Engineering Bay  
  61  7:48  SCV  
  62  8:07  Supply Depot  
  62  8:29  Siege Tank, SCV, Medivac  
  62  8:33  Supply Depot x2  
  68  8:34  Supply Depot  
  35  9:47  Marine x4  
  35  9:48  Marine x4  
Show
View Real Time Build Order
Export as new Build Order

Mørtebianca Zerg - Winner!

Build Orders: Pool First 

Get SALT Encoding   

  12  0:01  Drone  
  13  0:09  Drone  
  14  0:17  Overlord  
  14  0:35  Drone x3  
  17  0:56  Spawning Pool, Drone  
  17  1:15  Hatchery  
  16  1:20  Drone x3  
  16  1:23  Extractor  
  18  1:31  Drone  
  19  1:42  Drone  
  20  1:58  Overlord  
  20  2:13  Hatchery  
  19  2:19  Drone x2  
  21  2:23  Metabolic Boost  
  21  2:28  Drone, Queen  
  24  2:44  Spine Crawler  
  24  2:45  Drone  
  24  2:48  Drone  
  24  2:51  Zergling x2  
  26  2:54  Zergling x2  
  27  3:01  Zergling x2  
  28  3:10  Zergling x2, Spine Crawler  
  28  3:11  Zergling x2  
  29  3:14  Spine Crawler  
  27  3:36  Queen  
  27  3:41  Spine Crawler  
  28  3:47  Spine Crawler  
  27  3:57  Queen  
  29  4:10  Drone x2  
  29  4:15  Queen  
  33  4:32  Queen  
  33  4:36  Overlord  
  35  4:55  Queen  
  35  4:56  Overlord  
  37  5:08  Queen  
  34  5:27  Evolution Chamber  
  33  5:28  Evolution Chamber  
  33  5:29  Hatchery, Drone  
  33  5:33  Drone  
  33  6:21  Zergling x4  
  33  6:22  Zergling x14  
  42  6:35  Zerg Ground Armor Level 1, Zerg Missile Weapons Level 1  
  42  6:37  Drone  
  42  6:38  Drone x2  
  43  7:03  Drone  
  43  7:04  Drone x8  
  52  7:40  Drone  
  52  7:41  Drone x11  
  58  8:24  Spine Crawler x2  
  58  8:25  Spine Crawler  
  53  8:44  Lair  
  53  8:48  Extractor x2  
  52  8:49  Extractor  
  50  9:10  Queen  
  50  9:13  Queen  
  51  9:31  Hatchery  
  50  9:35  Hatchery  
  50  9:36  Zergling x24  
Show
View Real Time Build Order
Export as new Build Order

Space Terran - Winner!

Build Orders: Reaper Expand, Bio Mine, Hellion Banshee 

Get SALT Encoding   

  12  0:01  SCV  
  13  0:13  SCV  
  14  0:19  Supply Depot  
  14  0:25  SCV  
  15  0:41  SCV  
  16  0:42  Barracks  
  16  0:47  Refinery  
  16  0:53  SCV  
  17  1:05  SCV  
  18  1:17  SCV  
  19  1:30  Command Center  
  19  1:37  Orbital Command  
  19  1:41  Reaper  
  20  2:02  SCV  
  21  2:13  Barracks Reactor  
  21  2:16  SCV  
  21  2:17  Supply Depot  
  22  2:27  Factory  
  22  2:28  SCV  
  23  2:37  Command Center  
  23  2:40  SCV  
  25  2:53  Orbital Command  
  25  2:55  SCV  
  25  2:56  Marine x2  
  22  3:14  Marine x2  
  22  3:19  SCV  
  25  3:21  SCV  
  26  3:39  Starport  
  26  3:42  SCV  
  26  3:43  Refinery, SCV  
  26  3:45  Hellion x2  
  26  3:46  Barracks Tech Lab  
  32  3:54  SCV  
  34  3:55  SCV  
  34  4:02  Orbital Command  
  34  4:06  SCV  
  34  4:07  SCV  
  34  4:09  Hellion x2  
  40  4:19  SCV x2  
  42  4:27  Barracks Tech Lab  
  42  4:30  Banshee  
  42  4:31  SCV, Hellion x2  
  46  4:32  SCV  
  46  4:37  SCV  
  48  4:43  SCV  
  49  4:49  SCV x2, Barracks  
  49  4:50  Barracks  
  51  4:55  SCV  
  51  4:56  Cloaking Field  
  51  4:59  Refinery  
  52  5:01  Refinery, SCV x2  
  54  5:07  Marine, SCV  
  56  5:18  SCV  
  56  5:19  SCV  
  58  5:25  Marine, SCV  
  60  5:31  SCV  
  60  5:32  Barracks  
  60  5:34  Barracks  
  60  5:35  Engineering Bay x2  
  61  5:38  Stimpack  
  61  5:39  Barracks Reactor  
  61  5:40  Factory Reactor  
  61  6:10  Terran Infantry Weapons Level 1  
  61  6:11  Terran Infantry Armor Level 1  
  61  6:21  Barracks Reactor  
  61  6:22  Barracks Reactor  
  61  6:25  Marine x2  
  61  6:26  SCV, Barracks  
  61  6:29  Barracks  
  61  6:30  Barracks  
  61  6:38  Supply Depot  
  61  6:39  Supply Depot  
  61  6:42  Supply Depot x2, Factory  
  61  6:45  Bunker  
  61  6:46  Orbital Command  
  61  6:49  Armory  
  61  6:53  Starport Reactor  
  61  7:00  Marine x6, SCV x2  
  61  7:01  Marine x2  
  69  7:08  Marine  
  72  7:12  SCV x2  
  72  7:13  SCV  
  75  7:18  Marine x5  
  75  7:19  Barracks Reactor x2, Marine  
  81  7:24  Marine, SCV x2  
  81  7:25  Marine x2  
  81  7:26  SCV  
  81  7:27  Factory Tech Lab  
  87  7:33  Widow Mine x2  
  87  7:34  Medivac  
  93  7:38  Combat Shields  
  93  7:41  Supply Depot x2  
  93  7:42  Supply Depot x2  
  93  7:46  Terran Vehicle And Ship Armor Level 1  
  93  7:47  Marine x4, SCV, Medivac  
  86  8:04  Medivac  
  74  8:10  Drilling Claws  
  74  8:11  Widow Mine x3  
  80  8:13  Marine x2  
  80  8:14  Marine x11  
  80  8:17  Medivac  
  95  8:23  SCV x3  
  98  8:31  Marine x3  
  98  8:32  Marine  
  102  8:34  Medivac  
  102  8:40  Widow Mine  
  105  8:42  Barracks Tech Lab  
  87  8:57  Marine x5  
  87  8:58  Marine x8  
  87  8:59  Widow Mine x2  
  87  9:00  Medivac  
  106  9:08  Widow Mine  
  105  9:14  Marine  
  105  9:15  Marine x5  
  105  9:16  Marine x8  
  109  9:32  Marine  
  109  9:33  Marine x5  
  109  9:34  Marine  
  109  9:37  Marine x4  
  109  9:38  Marine x3  
  121  9:40  Widow Mine  
  121  9:50  Marine x2  
  121  9:51  Marine x5  
  128  9:55  Marine  
  133  10:07  Supply Depot  
  133  10:08  Supply Depot x2  
  141  10:09  Supply Depot  
Show
View Real Time Build Order
Export as new Build Order

Jhyrachy Zerg - Winner!

Build Orders: Hatch First 

Get SALT Encoding   

  12  0:02  Drone  
  13  0:13  Overlord  
  13  0:19  Drone  
  14  0:32  Drone  
  14  0:33  Drone  
  16  0:38  Drone  
  17  1:00  Hatchery  
  17  1:03  Drone  
  17  1:08  Extractor  
  16  1:14  Spawning Pool  
  15  1:27  Drone  
  15  1:29  Drone  
  17  1:34  Drone  
  18  1:40  Overlord  
  18  1:54  Drone  
  19  2:02  Queen  
  19  2:05  Zergling x2  
  22  2:15  Queen  
  22  2:20  Metabolic Boost  
  24  2:27  Drone x2  
  26  2:38  Drone  
  27  3:18  Zergling x10  
  32  3:27  Drone x4  
  32  3:33  Hatchery  
  35  4:00  Drone  
  35  4:02  Overlord x3  
  36  4:22  Drone x4  
  36  4:23  Drone x4  
  43  5:05  Roach Warren  
  43  5:06  Extractor, Drone  
  43  5:07  Hatchery, Drone x2  
  43  5:13  Drone x4  
  47  5:16  Extractor  
  47  5:18  Extractor, Queen  
  44  5:57  Queen  
  44  6:00  Lair  
  44  6:03  Drone x3  
  49  6:23  Drone  
  49  6:24  Drone x14  
  64  6:50  Extractor  
  64  6:52  Extractor  
  62  7:09  Spire  
  62  7:13  Spire  
  60  7:21  Overlord  
  60  7:22  Overlord x5  
  59  8:00  Overlord  
  59  8:01  Overlord x3  
  59  8:14  Drone x5  
  64  8:43  Mutalisk  
  64  8:44  Mutalisk x22  
  109  8:54  Mutalisk  
Tags
 
Add a new tag
Caveats
  • Supply blocks, unpowered buildings, or Contaminate may cause inaccurate times.
  • Supply counts are checked every 10 seconds.